 Dungeon Crawl Stone Soup version 0.32-a0-918-g0f22ef8d61 (webtiles) character file.

Game seed: 13292071652695503682

1962 Ajdolov the Thaumaturge (level 9, -2/57 HPs)
             Began as a Mummy Ice Elementalist on Apr 11, 2024.
             Was an Initiate of Gozag.
             Slain by a wyvern (15 damage)
             ... on level 7 of the Dungeon.
             The game lasted 00:13:20 (7474 turns).

Ajdolov the Thaumaturge (Mummy Ice Elementalist)    Turns: 7474, Time: 00:13:22

Health: -2/57      AC: 12    Str: 11    XL:     9   Next: 0%
Magic:  15/23      EV: 11    Int: 19    God:    Gozag
Gold:   1180       SH:  0    Dex: 18    Spells: 18/28 levels left

rFire   x . .        h - +0 spear
rCold   + . .        (no shield)
rNeg    + + +        a - +0 robe
rPois   ∞            l - +1 helmet
rElec   .            (no cloak)
rCorr   .            (no gloves)
SInv    .            (no boots)
Will    ++...        (no amulet)
Stlth   ++           i - ring of willpower
HPRegen 0.29/turn    q - +6 ring of dexterity
MPRegen 0.18/turn

%: faith
@: ice-armoured, freezing walls
A: cold resistance 1, negative energy resistance 3, torment resistance 2, heat
vulnerability 1, in touch with death 1, no potions, faith
a: Renounce Religion, Potion Petition, Call Merchant, Bribe Branch


You were on level 7 of the Dungeon.
You worshipped Gozag.
Gozag was most pleased with you.
You visited 2 branches of the dungeon, and saw 8 of its levels.

You collected 1325 gold pieces.
You paid 145 gold pieces to Gozag.

Inventory:

Hand Weapons
 h - a +0 spear (weapon)
Missiles
 r - 4 curare-tipped darts
Armour
 a - a +0 robe (worn)
 l - a +1 helmet (worn)
Jewellery
 i - a ring of willpower (left hand)
 q - a +6 ring of dexterity (right hand)
Wands
 m - a wand of paralysis (4)
Scrolls
 b - 7 scrolls of teleportation
 c - 2 scrolls of noise
 e - 3 scrolls of revelation
 f - 2 scrolls of enchant weapon
 j - 2 scrolls of poison
 k - a scroll of vulnerability
 n - 2 scrolls of enchant armour
 o - a scroll of silence {unknown}
 p - a scroll of amnesia {unknown}


   Skills:
 - Level 1.5 Dodging
 - Level 1.5 Stealth
 + Level 10.2 Spellcasting
 + Level 7.7 Ice Magic


You had 18 spell levels left.
You knew the following spells:

 Your Spells              Type           Power      Damage    Failure   Level
a - Freeze                Ice            100%       1d10      1%          1
b - Frozen Ramparts       Ice            78%        1d12      1%          3
c - Ozocubu's Armour      Ice            39%        N/A       1%          3
d - Summon Ice Beast      Ice/Summ       24%        N/A       4%          3

Your spell library contained the following spells:

 Spells                   Type           Power      Damage    Failure   Level
 Ensorcelled Hibernation  Hex/Ice        48%        N/A       2%          2
 Shock                    Conj/Air       36%        1d5       8%          1
 Dazzling Flash           Conj/Hex       18%        N/A       22%         3
 Mephitic Cloud           Conj/Alch/Air  9%         N/A       22%         3
 Passwall                 Erth           9%         N/A       22%         3
 Swiftness                Air            9%         N/A       22%         3
 Airstrike                Air            4%         2d(1-17)  58%         4
 Curse of Agony           Necr           14%        N/A       90%         5
 Silence                  Hex/Air        4%         N/A       90%         5


Dungeon Overview and Level Annotations

Branches:
Dungeon (7/15)             Temple (1/1) D:5

Altars:
Ashenzari
Cheibriados
Gozag
Hepliaklqana
Kikubaaqudgha
Nemelex Xobeh
Qazlal
Sif Muna
Trog
Uskayaw
Vehumet
Wu Jian
Xom
Yredelemnul

Annotations:
D:5 1 runed translucent door, 2 transporters, Crazy Yiuf; WhiterunGuard03's ghost, amateur TrSh


Innate Abilities, Weirdness & Mutations

You are immune to poison.
Your flesh is cold resistant. (rC+)
You are immune to negative energy. (rN+++)
You are immune to unholy pain and torment.
You are vulnerable to heat. (rF-)
You are in touch with the powers of death.
You do not drink.
You have a special connection with the divine. (Faith)


Message History

There is a stone staircase leading up here.
Casting: Frozen Ramparts (safe; 1% risk of failure)
Confirm with . or Enter, or press ? or * to list all spells.
A chill wind blows around you. The wyvern bites you.
Casting: Summon Ice Beast (dangerous; 4% risk of failure)
Confirm with . or Enter, or press ? or * to list all spells.
Casting: Frozen Ramparts (safe; 1% risk of failure)
Press: ? - help, Dir - look around, f - activate A stone staircase leading up.
The walls around you are covered in ice.
The wall freezes the wyvern!
The wyvern bites you!
Your ice beast hits the wyvern but does no damage.
Casting: Frozen Ramparts (safe; 1% risk of failure)
Confirm with . or Enter, or press ? or * to list all spells.
A film of ice covers your body!
The wall freezes the wyvern but does no damage.
The wyvern barely misses you.
The wall freezes the wyvern.
The wyvern bites you.
Your ice beast hits the wyvern but does no damage.
You hit the wyvern.
The wyvern is heavily wounded.
The wall freezes the wyvern.
The wyvern bites you!
Your ice beast hits the wyvern but does no damage.
Unknown command.
You hit the wyvern but do no damage.
The wyvern is heavily wounded.
The wall freezes the wyvern!
The wyvern bites you.
The wall freezes the wyvern but does no damage.
The wyvern barely misses you.
Your ice beast closely misses the wyvern.
Unknown command.
You hit the wyvern but do no damage.
The wyvern is almost dead.
The wall freezes the wyvern but does no damage.
The wyvern bites you.
* * * LOW HITPOINT WARNING * * *
Your ice beast barely misses the wyvern.
The wall freezes the wyvern.
The wyvern bites you!
You die...
Your body crumbles into a pile of gold.

......#.. #........###
#.##..##.
#......>...###.##..##.
##.................$...
..............#.##..#.
............ #.##..#.
#.Y......####.......
#.#..k.....##.#.....#.
#....@#....)........##
##.#####...........###
#.............J
#..............
#..............
.......##......#
........#....#..#
.............##..
.............##..


You could see a wyvern (ally target) and a friendly ice beast (summoned).

Vanquished Creatures
  Prince Ribbit (D:5)
  Eustachio (D:5)
  Menkaure (D:6)
  A water moccasin (D:4)
  A black bear (D:6)
  A kobold brigand (D:6)
  2 phantoms
  A gnoll sergeant (D:7)
  A scorpion (D:6)
  A killer bee (D:6)
  A howler monkey (D:5)
  2 hounds (D:5)
  A bombardier beetle (D:4)
  A jelly (D:4)
  5 orc priests
  An iguana (D:4)
  Natasha (D:2)
  2 orc wizards
  Robin (D:4)
  5 gnolls
  9 adders
  A white imp (D:5)
  9 ufetubi
  A ribbon worm (D:4)
  11 dart slugs
  10 orcs
  7 ball pythons
  6 bats
  9 endoplasms
  5 giant cockroaches
  10 goblins
  11 hobgoblins
  2 jackals (D:1)
  11 kobolds
  3 quokkas
  12 frilled lizards
  4 rats
152 creatures vanquished.

Vanquished Creatures (collateral kills)
  A centaur (D:5)
  A bullfrog (D:6)
  A hound (D:5)
  A jelly (D:7)
  A white imp (D:7)
  An ufetubus (D:6)
6 creatures vanquished.

Grand Total: 158 creatures vanquished

Notes
Turn   | Place    | Note
-------+----------+-------------------------------------------
     0 | D:1      | Ajdolov the Mummy Ice Elementalist began the quest for the
                  | Orb.
     0 | D:1      | Reached XP level 1. HP: 13/13 MP: 4/4
   168 | D:1      | Reached skill level 3 in Spellcasting
   434 | D:1      | Reached XP level 2. HP: 19/19 MP: 3/6
  1415 | D:2      | Reached XP level 3. HP: 20/24 MP: 4/8
  1419 | D:2      | Learned a level 3 spell: Frozen Ramparts
  1423 | D:2      | Learned a level 3 spell: Ozocubu's Armour
  1697 | D:2      | Noticed Natasha
  1699 | D:2      | Killed Natasha
  1700 | D:2      | Reached skill level 4 in Spellcasting
  2034 | D:2      | Reached XP level 4. HP: 28/30 MP: 2/10
  2824 | D:3      | Found a basalt altar of Yredelemnul.
  2831 | D:3      | Noticed an angel
  2919 | D:3      | Found a snail-covered altar of Cheibriados.
  3147 | D:3      | Found a faded altar of an unknown god.
  3506 | D:4      | Reached XP level 5. HP: 31/35 MP: 8/12
  3523 | D:4      | Reached skill level 5 in Spellcasting
  3694 | D:4      | Noticed Robin
  3709 | D:4      | Killed Robin
  4196 | D:4      | You fall into a shaft and drop 3 floors!
  4227 | D:6      | Reached XP level 6. HP: 34/41 MP: 7/14
  4286 | D:5      | Entered Level 5 of the Dungeon
  4328 | D:5      | Found a runed translucent door.
  4329 | D:5      | Noticed Crazy Yiuf
  4356 | D:5      | Noticed Eustachio
  4466 | D:4      | Noticed a water moccasin
  4479 | D:4      | Killed a water moccasin
  4480 | D:4      | Reached skill level 6 in Spellcasting
  4480 | D:4      | Reached skill level 5 in Ice Magic
  5375 | D:5      | Found a transporter.
  5376 | D:5      | Found a transporter.
  5439 | D:5      | Reached XP level 7. HP: 41/46 MP: 10/17
  5447 | D:5      | Reached skill level 7 in Spellcasting
  5462 | D:5      | Killed Eustachio
  5563 | D:4      | Learned a level 3 spell: Summon Ice Beast
  5606 | D:5      | Found a staircase to the Ecumenical Temple.
  5619 | D:5      | Noticed Prince Ribbit
  5622 | D:5      | Reached skill level 8 in Spellcasting
  5632 | D:5      | Killed Prince Ribbit
  5633 | D:5      | Reached XP level 8. HP: 42/52 MP: 6/20
  5663 | Temple   | Entered the Ecumenical Temple
  5683 | Temple   | Became a worshipper of Gozag Ym Sagoz the Greedy
  5950 | D:5      | Noticed WhiterunGuard03's ghost (amateur TrSh)
  6008 | D:5      | Identified the +5 trident of Purpose {venom, Str+2 Int+3}
  6166 | D:5      | Identified the ring of Zioph {rF+ rC+ rN+ Will+ Int+3}
  6293 | D:6      | Noticed Menkaure
  6299 | D:6      | Killed Menkaure
  6300 | D:6      | Reached skill level 9 in Spellcasting
  6982 | D:6      | Reached skill level 10 in Spellcasting
  7237 | D:6      | Identified a scroll of acquirement
  7266 | D:6      | Acquired 787 gold pieces
  7308 | D:7      | Identified the +1 long sword "Xuoprom" {heavy, rCorr Str+4}
  7340 | D:7      | Noticed a troll
  7448 | D:6      | Reached XP level 9. HP: 48/57 MP: 19/23
  7474 | D:7      | Slain by a wyvern

Illustrated notes

Levels and vault maps discovered:
D:1:      noname_arrival_rooms_in_the_neighbourhood, layout_basic,
          minmay_hedge_maze
D:2:      layout_basic, hex_tiny, amcnicky_mini_pool_small,
          dreamdust_princess_bridge, minmay_domino_2, uniq_natasha
D:3:      layout_rooms, grunt_temple_overflow_holy_war, marbit_many_paths,
          shapermc_ecumenical_altar_flowoftime, minmay_lizard_king
D:4:      kennysheep_slugbush, layout_rooms, serial_co_window_serial,
          co_window_of_opportunity_a, co_window_corner_a, co_window_paths_b,
          co_window_paths_a, co_window_of_opportunity_a, co_window_broadway_a,
          co_window_2corner, co_window_broadway_b, co_window_2corner,
          co_window_4corner_b, glass_columns_a, glass_columns_a,
          glass_columns_b, uniq_robin
D:5:      layout_basic, minmay_temple_entry_proselytizer,
          gammafunk_ghost_gnarly_gnolls, uniq_prince_ribbit1,
          uniq_crazy_yiuf_cottage, uniq_eustachio
D:6:      layout_loops_ring, uniq_menkaure
D:7:      layout_cave_pools, serial_shops, nicolae_shop_pleasant_corner_grove,
          minmay_manual_moon
Temple:   jpeg_temple_clearing

Skill      XL: |  1  2  3  4  5  6  7  8 |
---------------+-------------------------+-----
Spellcasting   | 3 4 5 6 8 10 | 10.2
Ice Magic      | 4 5 6 7 |  7.7
Dodging        | |  1.5
Stealth        | |  1.5

Action                     |  1- 3 |  4- 6 |  7- 9 || total
---------------------------+-------+-------+-------++-------
  Melee: Unarmed           |    17 |       |       ||    17
         Dagger            |     3 |       |       ||     3
         Spear             |       |   106 |    89 ||   195
   Cast: Freeze            |    48 |    68 |    19 ||   135
         Frozen Ramparts   |     1 |    19 |    17 ||    37
         Ozocubu's Armour  |     1 |     6 |     6 ||    13
         Summon Ice Beast  |       |       |    12 ||    12
    Use: Scroll            |       |       |     9 ||     9
   Stab: Sleeping          |       |     1 |       ||     1
         Distracted        |       |       |     1 ||     1
 Armour: Robe              |    36 |    84 |    89 ||   209
  Dodge: Dodged            |    25 |    85 |    69 ||   179

Table legend: (Time is in decaauts)
 A = Elapsed time spent in this place.
 B = Non-inter-level travel time spent in this place.
 C = Inter-level travel time spent in this place.
 D = Time resting spent in this place.
 E = Time spent auto-exploring this place.
 F = Levels seen in this place.
 G = Mean time per level.
                   A        B        C        D        E       F      G
               +--------+--------+--------+--------+--------+-----+--------+
         Total |   7507 |   7153 |    354 |    520 |   5218 |   8 |  938.4 |
       Dungeon |   7466 |   7147 |    319 |    520 |   5218 |   7 | 1066.6 |
        Temple |     40 |      5 |     35 |      0 |      0 |   1 |   40.0 |
               +--------+--------+--------+--------+--------+-----+--------+

Top non-repeatable levels by time:
     D:4: 1682 daAuts
     D:1: 1386 daAuts
     D:6: 1177 daAuts
     D:2: 1171 daAuts
     D:5: 994 daAuts
     D:3: 913 daAuts
     D:7: 141 daAuts
  Temple: 40 daAuts
